 Dungeon Crawl Stone Soup version 0.26.1-11-gd32895ea62 (webtiles) character file.

Game seed: 17212868409964697455

203 nightchill the Poker (level 5, -11/43 HPs)
             Began as a Merfolk Fighter on Apr 20, 2021.
             Mangled by an ogre
             ... wielding a +0 giant club
              (14 damage)
             ... on level 4 of the Dungeon.
             The game lasted 00:03:37 (3404 turns).

nightchill the Poker (Merfolk Fighter)              Turns: 3404, Time: 00:03:38

Health: -11/43     AC:  6    Str: 16    XL:     5   Next: 81%
Magic:  5/5        EV:  6    Int:  8    God:
Gold:   156        SH:  9    Dex: 14    Spells: 4/4 levels left

rFire    . . .     SeeInvis .   a - +0 trident
rCold    . . .     Faith    .   c - +0 kite shield
rNeg     . . .     Spirit   .   b - +0 scale mail
rPois    .         Reflect  .   (no helmet)
rElec    .         Harm     .   (no cloak)
rCorr    .         Rampage  .   (no gloves)
Will     .....                  (no boots)
Stlth    ..........             (no amulet)
HPRegen  0.14/turn              (no ring)
MPRegen  0.09/turn              (no ring)

@: mighty
A: change form in water, swift swim, stealthy swim
a: no special abilities


You were on level 4 of the Dungeon.
You visited 1 branch of the dungeon, and saw 4 of its levels.

You collected 156 gold pieces.

Inventory:

Hand Weapons
 a - a +0 trident (weapon)
 v - a +0 halberd
Armour
 b - a +0 scale mail (worn)
 c - a +0 kite shield (worn)
Jewellery
 k - a cursed ring of attention {unknown}
 o - an uncursed amulet of faith {unknown}
Wands
 s - a wand of enslavement (12)
Scrolls
 e - 4 scrolls of remove curse {unknown}
 g - 2 scrolls of enchant armour {unknown}
 h - 3 scrolls of identify {unknown}
 r - a scroll of enchant weapon {unknown}
 u - a scroll of immolation {unknown}
 w - 3 scrolls of noise {unknown}
Potions
 f - a potion of heal wounds {unknown}
 i - a potion of attraction {unknown}
 j - a potion of lignification {unknown}
 l - 4 potions of curing {unknown}
 m - a potion of mutation {unknown}
 n - a potion of degeneration {unknown}
 p - a potion of cancellation {unknown}
 q - a potion of berserk rage {unknown}
 t - a potion of magic {unknown}


   Skills:
 + Level 4.7 Fighting
 * Level 7.1 Polearms
 - Level 2.1 Armour
 - Level 3.0 Shields


You had 4 spell levels left.
You didn't know any spells.
Your spell library contained the following spells:

 Spells                   Type           Power        Failure   Level
 Animate Skeleton         Necr           0%           100%        1
 Pain                     Necr           0%           100%        1
 Vampiric Draining        Necr           0%           100%        3
 Animate Dead             Necr           0%           100%        4
 Agony                    Necr           0%           100%        5


Dungeon Overview and Level Annotations

Branches:
Dungeon (4/15)
 Temple: D:4-7

Altars:
Cheibriados
Dithmenos
Nemelex Xobeh
Okawaru
Ru
Sif Muna
The Shining One

Annotations:
D:2 1 runed translucent door, Crazy Yiuf
D:3 exclusion: downstairs


Message History

An ogre is nearby!
An ogre is nearby!
You closely miss the ogre. The ogre closely misses you.
You puncture the ogre!
The ogre is moderately wounded.
The ogre hits you with a +0 giant club!!
Ouch! That really hurt!
* * * LOW HITPOINT WARNING * * *
You feel very mighty all of a sudden. The ogre barely misses you.
You barely miss the ogre.
The ogre is moderately wounded.
The ogre hits you with a +0 giant club!
* * * LOW HITPOINT WARNING * * *
You completely miss the ogre.
The ogre is moderately wounded.
You closely miss the ogre.
The ogre is moderately wounded.
The ogre hits you with a +0 giant club!
You die...

#.#.#................##....####..
#.#.#.#.........#######....# #.#
#.#.#.#.........#######....# #.#
#.#.#.#.......#.......#....# #.#
#.#.#.#.#######.......#...[# #.#
#.#...........#.......#....# #.#
#.#...#.####.##...# #....# ##.#
#.###.###^......## #....# #...
#.............@O.# #....###...
..#####.###......#.# #....##....
................## .######.##)...
.######)######### #............
..........# ##.## #.#..........(.
..........###...###..............
..........##.....###.#####.####.#
..........#.......#.........# #.#
............................###.#


You could see an ogre.

Vanquished Creatures
  A hound (D:3)
  A bullfrog skeleton (D:4)
  4 gnolls (D:3)
  4 adders
  A worm (D:2)
  4 orcs
  A giant cockroach (D:3)
  7 goblins
  10 hobgoblins
  2 quokkas
  A ball python (D:1)
  7 bats
  5 frilled lizards
  11 kobolds
  6 rats
65 creatures vanquished.

Notes
Turn   | Place    | Note
-------+----------+-------------------------------------------
     0 | D:1      | nightchill the Merfolk Fighter began the quest for the Orb.
     0 | D:1      | Reached XP level 1. HP: 18/18 MP: 1/1
   190 | D:1      | Reached XP level 2. HP: 24/24 MP: 2/2
   601 | D:1      | Reached skill level 4 in Polearms
   895 | D:2      | Found a glowing golden altar of the Shining One.
   926 | D:2      | Reached XP level 3. HP: 19/30 MP: 3/3
  1037 | D:2      | Found a sacrificial altar of Ru.
  1095 | D:2      | You fall into a shaft and drop 1 floor!
  1111 | D:3      | Reached skill level 5 in Polearms
  1114 | D:3      | Reached XP level 4. HP: 34/37 MP: 4/4
  1486 | D:3      | Reached skill level 6 in Polearms
  1486 | D:3      | Reached XP level 5. HP: 39/43 MP: 5/5
  1488 | D:2      | Found a shimmering blue altar of Sif Muna.
  1786 | D:2      | Found a snail-covered altar of Cheibriados.
  2170 | D:2      | Found a runed translucent door.
  2171 | D:2      | Noticed Crazy Yiuf
  2574 | D:3      | Found a sparkling altar of Nemelex Xobeh.
  2574 | D:3      | Found a shadowy altar of Dithmenos.
  2630 | D:3      | Found an iron altar of Okawaru.
  2850 | D:4      | Noticed an ogre
  3235 | D:4      | Reached skill level 7 in Polearms
  3396 | D:4      | Noticed an ogre
  3404 | D:4      | Mangled by an ogre

Illustrated notes

Levels and vault maps discovered:
D:1:      dpeg_arrival_ternary, layout_basic
D:2:      layout_loops_ring, nicolae_overflow_crystal_walls, marbit_many_paths,
          overflow_temple_1_default, old_standard_altar, minmay_between,
          uniq_crazy_yiuf_cottage
D:3:      layout_rooms, gammafunk_temple_overflow_elements,
          okawaru_altar_gauntlet_db
D:4:      layout_basic

Skill      XL: |  1  2  3  4  5 |
---------------+----------------+-----
Polearms       | 4 5 6 7 |  7.1
Fighting       | 4 |  4.7
Armour         | |  2.1
Shields        | |  3.0

Action                   |  1- 3 |  4- 6 || total
-------------------------+-------+-------++-------
Melee: Trident           |    75 |   159 ||   234
  Use: Potion            |       |     1 ||     1
Armor: Scale mail        |    22 |    38 ||    60
Dodge: Dodged            |     9 |    27 ||    36
Block: Kite shield       |    21 |    74 ||    95
